 Dungeon Crawl Stone Soup version 0.21-a0-508-gf08a75f (webtiles) character file.

177 Hafrunt the Digger (level 5, -5/28 HPs)
             Began as a Gargoyle Earth Elementalist on Nov 27, 2017.
             Killed from afar by Natasha (10 damage)
             ... with a wand of flame (22)
             ... on level 3 of the Dungeon.
             The game lasted 00:05:35 (2518 turns).

Hafrunt the Digger (Gargoyle Earth Elementalist)    Turns: 2518, Time: 00:05:36

Health: -5/28      AC:  7    Str: 11    XL:     5   Next: 57%
Magic:  1/10       EV: 12    Int: 17    God:
Gold:   94         SH:  0    Dex: 10    Spells: 7/11 levels left

rFire    . . .     SeeInvis .   g - +0 flail
rCold    . . .     Gourm    .   (no shield)
rNeg     + . .     Faith    .   c - +0 robe
rPois    ∞         Spirit   .   (no helmet)
rElec    +         Reflect  .   (no cloak)
rCorr    .         Harm     .   (no gloves)
MR       .....                  i - +0 pair of boots
Stlth    ++........             (no amulet)
HPRegen  0.09/turn              (no ring)
MPRegen  0.12/turn              (no ring)

@: very slightly contaminated
A: negative energy resistance 1, electricity resistance, unbreathing,
petrification resistance, rot immunity, AC +4
a: no special abilities


You were on level 3 of the Dungeon.
You were hungry.

You visited 1 branch of the dungeon, and saw 3 of its levels.

You collected 94 gold pieces.

Inventory:

Hand Weapons
 g - a +0 flail (weapon)
Armour
 c - a +0 robe (worn)
 i - a +0 pair of boots (worn)
Jewellery
 h - an uncursed amulet of inaccuracy
Scrolls
 a - 2 scrolls of identify
 n - a scroll of amnesia
Potions
 f - 2 potions of berserk rage {unknown}
Books
 e - a book of Geomancy

   Spells                             Type                      Level
   a - Sandblast                      Earth                        1
   b - Passwall                       Transmutation/Earth          2
   c - Stone Arrow                    Conjuration/Earth            3
   d - Petrify                        Transmutation/Earth          4
   e - Lee's Rapid Deconstruction     Earth                        5
Comestibles
 b - 4 fruits
 d - a bread ration
 k - a royal jelly
 l - 2 meat rations


   Skills:
 - Level 1.5 Dodging
 - Level 2.1 Stealth
 + Level 3.5 Spellcasting
 + Level 2.2 Conjurations
   Level 0.7 Transmutations
 + Level 5.4 Earth Magic


You had 7 spell levels left.
You knew the following spells:

 Your Spells              Type           Power        Failure   Level  Hunger
a - Sandblast             Erth           ###...       1%          1    None
b - Stone Arrow           Conj/Erth      ###...       11%         3    ###....


Dungeon Overview and Level Annotations

Branches:
Dungeon (3/15)

Altars:
Okawaru
Qazlal
Trog
Wu Jian

Annotations:
D:3 Natasha


Innate Abilities, Weirdness & Mutations

You are resistant to torment.
Your stone body is resilient. (AC +4)
You are immune to poison.
You resist negative energy. (rN+)
You are resistant to electric shocks. (rElec)
You can survive without breathing.
You are immune to petrification.
You are immune to rotting.


Message History

Confirm with . or Enter, or press ? or * to list all spells.
You don't have enough magic to cast that spell.
Natasha zaps a wand.
The puff of flame hits you!
* * * LOW HITPOINT WARNING * * *
It is a wand of flame (23).
You thump Natasha!
Natasha is heavily wounded.
Natasha closely misses you.
You hit Natasha.
Natasha is severely wounded.
Natasha zaps a wand.
The puff of flame misses you. Natasha claws you but does no damage.
You barely miss Natasha.
Natasha is severely wounded.
Natasha hisses.
Natasha claws you but does no damage.
You closely miss Natasha.
Natasha is severely wounded.
Natasha zaps a wand.
The puff of flame hits you!
You die...

# ##.....###.# # .
#..........#.# #.
#.###..#####.# .
##.######.# #........##
..#.......#.# #.........#
..........#.# ##....###.#
..........#.# #.#....#.#
........).#.# #.#<.#?#.#
.........@#.####.####.#.#
.#......h#...........#.#
...$>.......).........#.##
########..................
#..............#.##
#..............#...
#....(.........####
#..............# #
#######........# #


You could see Natasha.

Vanquished Creatures
  The ghost of Hafrunt the Digger, an amateur GrEE (D:3)
  Jessica (D:2)
  Natasha (D:3)
  An adder (D:2)
  2 worms (D:2)
  2 dart slugs
  3 leopard geckos (D:2)
  3 bats
  3 giant cockroaches
  5 goblins
  2 hobgoblins (D:3)
  4 jackals (D:2)
  2 kobolds
  A quokka (D:3)
  A ball python (D:3)
  3 frilled lizards
  2 rats
37 creatures vanquished.

Notes
Turn   | Place    | Note
-------+----------+-------------------------------------------
     0 | D:1      | Hafrunt the Gargoyle Earth Elementalist began the quest for the Orb.
     0 | D:1      | Reached XP level 1. HP: 10/10 MP: 3/3
   406 | D:1      | Reached XP level 2. HP: 15/15 MP: 3/5
   425 | D:1      | Reached skill level 4 in Earth Magic
   729 | D:2      | Noticed Jessica
   733 | D:2      | Killed Jessica
   733 | D:2      | Reached XP level 3. HP: 19/19 MP: 1/7
   738 | D:2      | Learned a level 3 spell: Stone Arrow
  1187 | D:2      | Reached XP level 4. HP: 2/24 MP: 0/8
  1543 | D:2      | Reached skill level 1 in Conjurations
  1591 | D:2      | Found an iron altar of Okawaru.
  2041 | D:3      | Noticed Hafrunt's ghost (amateur GrEE)
  2064 | D:3      | Killed Hafrunt's ghost
  2064 | D:3      | Reached skill level 5 in Earth Magic
  2064 | D:3      | Reached XP level 5. HP: 2/28 MP: 2/10
  2350 | D:3      | Found an ornate altar of the Wu Jian Council.
  2352 | D:3      | Found a bloodstained altar of Trog.
  2355 | D:3      | Found a stormy altar of Qazlal.
  2495 | D:3      | Noticed Natasha
  2509 | D:3      | Killed Natasha
  2509 | D:3      | Noticed Natasha
  2518 | D:3      | Killed from afar by Natasha

Vault maps used:
D:1:      nzn_arrival_crosshair
D:2:      kennysheep_okawaru_gauntlet, uniq_jessica
D:3:      grunt_temple_overflow_open, first_bread, tgw_sif, uniq_natasha

Skill      XL: |  1  2  3  4 |
---------------+-------------+-----
Earth Magic    | 4 5 |  5.4
Spellcasting   | 3 |  3.5
Conjurations   | 2 |  2.2
Dodging        | |  1.5
Stealth        | |  2.1
Transmutations | |  0.7

Action                   |  1- 3 |  4- 6 || total
-------------------------+-------+-------++-------
Melee: Unarmed           |    10 |       ||    10
       Club              |    59 |       ||    59
       Flail             |       |    37 ||    37
       Whip              |       |     3 ||     3
 Cast: Sandblast         |    38 |       ||    38
       Stone Arrow       |     1 |    19 ||    20
  Use: Scroll            |     6 |       ||     6
       Potion            |     1 |       ||     1
  Eat: Chunk             |     1 |     6 ||     7
Armor: Robe              |    44 |    18 ||    62
Dodge: Dodged            |    66 |    28 ||    94

Table legend:
 A = Spawn XP
 B = Non-spawn XP
 C = Spawn XP percentage of total XP
 D = Spawn monster count
 E = Non-spawn monster count
 F = Spawn count percentage of total count
 G = Total turns spent on level
                    A         B        C        D         E        F      G
               +---------+---------+-------+---------+---------+-------+---------
         Total |       0 |     253 |   0.0 |       0 |      37 |   0.0 |  2518
               +---------+---------+-------+---------+---------+-------+---------
           D:1 |       0 |      15 |   0.0 |       0 |       8 |   0.0 |   634
           D:2 |       0 |      96 |   0.0 |       0 |      21 |   0.0 |  1290
           D:3 |       0 |     142 |   0.0 |       0 |       8 |   0.0 |   594
               +---------+---------+-------+---------+---------+-------+---------
